 Dungeon Crawl Stone Soup version 0.28.0-53-g5a82cb258f (webtiles) character file.

Game seed: 6551269789847300941

151 Revguard the Shield-Bearer (level 5, -1/41 HPs)
             Began as a Demonspawn Fighter on July 28, 2022.
             Slain by an orc
             ... wielding a +0 trident
              (4 damage)
             ... on level 3 of the Dungeon.
             The game lasted 00:06:40 (3529 turns).

Revguard the Shield-Bearer (Demonspawn Fighter)     Turns: 3529, Time: 00:06:41

Health: -1/41      AC:  9    Str: 16    XL:     5   Next: 11%
Magic:  6/6        EV:  6    Int: 10    God:
Gold:   91         SH:  5    Dex: 14    Spells: 4/4 levels left

rFire   + . .      SeeInvis .   a - +0 long sword
rCold   + . .      Faith    .   c - +0 buckler
rNeg    . . .      Spirit   .   d - +0 chain mail
rPois   +          Reflect  .   (no helmet)
rElec   +          Harm     .   (no cloak)
rCorr   +          Rampage  .   (no gloves)
Will    .....                   (no boots)
Stlth   ..........              (no amulet)
HPRegen 0.13/turn               (no ring)
MPRegen 0.10/turn               (no ring)

@: resistant
A: powered by death 2
a: no special abilities


You were on level 3 of the Dungeon.
You visited 1 branch of the dungeon, and saw 3 of its levels.

You collected 91 gold pieces.

Inventory:

Hand Weapons
 a - a +0 long sword (weapon)
Armour
 c - a +0 buckler (worn)
 d - a +0 chain mail (worn)
Jewellery
 g - a ring of protection from fire
Scrolls
 b - a scroll of fear {unknown}
Potions
 e - a potion of resistance
 f - a potion of mutation {unknown}
 i - a potion of magic {unknown}


   Skills:
 + Level 3.3 Fighting
 * Level 2.7 Long Blades
 + Level 3.1 Armour
 + Level 1.2 Dodging
 * Level 3.4 Shields
 + Level 1.8 Invocations
 + Level 1.2 Evocations


You had 4 spell levels left.
You didn't know any spells.
Your spell library contained the following spells:

 Spells                   Type           Power      Damage    Failure   Level
 Call Canine Familiar     Summ           0%         N/A       100%        3
 Portal Projectile        Hex/Tloc       0%         N/A       100%        3
 Leda's Liquefaction      Hex/Erth       0%         N/A       100%        4


Dungeon Overview and Level Annotations

Branches:
Dungeon (3/15)

Altars:

Shops:
D:3 (


Innate Abilities, Weirdness & Mutations

You regenerate health from kills.


Message History

The orc hits you but does no damage.
The orc priest hits you with a +0 flail!
* * * LOW HITPOINT WARNING * * *
The orc hits you with a +0 trident.
* * * LOW HITPOINT WARNING * * *
The orc hits you but does no damage.
The orc priest hits you with a +0 flail.
* * * LOW HITPOINT WARNING * * *
You feel much better. The orc hits you with a +0 trident.
You block the orc's attack.
The orc priest hits you with a +0 flail.
You slash the orc priest!
You kill the orc priest!
The orc hits you with a +0 trident. You block the orc's attack.
You have reached level 5!
You hit the orc.
The orc is moderately wounded.
The orc hits you with a +0 trident. The orc hits you with a +0 dagger.
The orc hits you but does no damage.
You closely miss the orc.
The orc is moderately wounded.
The orc hits you but does no damage. x4; You block the orc's attack.
You barely miss the orc.
The orc is moderately wounded.
The orc hits you but does no damage. You block the orc's attack.
The orc hits you but does no damage. You block the orc's attack.
The orc hits you with a +0 club. The orc hits you with a +0 trident.
* * * LOW HITPOINT WARNING * * *
You block the orc's attack. The orc hits you but does no damage.
The orc hits you from afar with a +0 trident.
* * * LOW HITPOINT WARNING * * *
You block the orc's attack.
You barely miss the orc.
The orc hits you from afar with a +0 trident!
* * * LOW HITPOINT WARNING * * *
The orc hits you but does no damage.
The orc hits you from afar with a +0 trident.
You die...

#.# #.# #.# #.# ### #.#
######.#########.#
.....#.........#.#
...............#.# ##
####.#.........#@# ####.
#....#.........#o# #....
#....#.........#o# #..∩.
#....#.........#o# #....
.....#.#########.############....
....<............................
.....#.####..........#######.....
>.........'...........# #....#
##........#)...........#####....#


You could see 3 orcs.

Vanquished Creatures
  An orc priest (D:3)
  A jelly (D:3)
  3 adders
  A worm (D:3)
  6 orcs
  A ball python (D:3)
  7 endoplasms
  3 giant cockroaches
  5 goblins
  3 hobgoblins (D:2)
  4 jackals (D:2)
  4 kobolds
  2 quokkas
  5 bats
  5 frilled lizards
  7 rats
58 creatures vanquished.

Vanquished Creatures (others)
  3 fungi (D:2)
  3 plants (D:2)
6 creatures vanquished.

Grand Total: 64 creatures vanquished

Notes
Turn   | Place    | Note
-------+----------+-------------------------------------------
     0 | D:1      | Revguard the Demonspawn Fighter began the quest for the
                  | Orb.
     0 | D:1      | Reached XP level 1. HP: 18/18 MP: 1/1
   270 | D:1      | Gained mutation: You regenerate a little health from kills.
                  | [demonic ancestry]
   270 | D:1      | Reached XP level 2. HP: 16/24 MP: 2/2
   919 | D:2      | Found a faded altar of an unknown god.
  1278 | D:2      | Gained mutation: You regenerate health from kills. [demonic
                  | ancestry]
  1278 | D:2      | Reached XP level 3. HP: 29/29 MP: 3/3
  1402 | D:2      | Reached skill level 1 in Invocations
  2937 | D:3      | Reached XP level 4. HP: 35/35 MP: 3/5
  3143 | D:3      | Found Siarphej's Antique Weapon Boutique.
  3161 | D:3      | Reached skill level 1 in Dodging
  3161 | D:3      | Reached skill level 1 in Evocations
  3515 | D:3      | Reached XP level 5. HP: 25/41 MP: 6/6
  3529 | D:3      | Slain by an orc

Illustrated notes

Levels and vault maps discovered:
D:1:      amcnicky_arrival_underground_garden, layout_rooms
D:2:      layout_basic, serial_rivers, chequers_serial_rivers_small_b,
          chequers_serial_rivers_large_a, chequers_serial_rivers_small_3,
          chequers_serial_rivers_micro_d, chequers_serial_rivers_micro_d,
          shapermc_ecumenical_altar_mp_urbaneastern
D:3:      layout_basic, serial_shops, shop

Skill      XL: |  1  2  3  4 |
---------------+-------------+-----
Long Blades    | 2 |  2.7
Shields        | 3 |  3.4
Invocations    | 1 |  1.8
Armour         | 3 |  3.1
Dodging        | 1 |  1.2
Evocations     | 1 |  1.2
Fighting       | |  3.3

Action                   |  1- 3 |  4- 6 || total
-------------------------+-------+-------++-------
Melee: Long sword        |   159 |    54 ||   213
  Use: Scroll            |     6 |       ||     6
       Potion            |     4 |     3 ||     7
Armor: Scale mail        |   133 |       ||   133
       Chain mail        |     3 |    40 ||    43
Dodge: Dodged            |    97 |    14 ||   111
Block: Buckler           |    64 |    21 ||    85
